 Dungeon Crawl Stone Soup version 0.28.0-53-g5a82cb258f (webtiles) character file.

Game seed: 7710376096731683925

9023 Descartes the Blocker (level 11, -11/88 (89) HPs)
             Began as a Formicid Berserker on Aug 24, 2022.
             Was an Elder of Trog.
             Mangled by an ogre
             ... wielding a +0 giant spiked club
              (22 damage)
             ... on level 1 of the Orcish Mines.
             The game lasted 00:26:36 (9872 turns).

Descartes the Blocker (Formicid Berserker)          Turns: 9872, Time: 00:26:36

HP:   -11/88 (89)   AC: 17    Str: 32    XL:     11   Next: 66%
MP:   11/11         EV:  7    Int: 10    God:    Trog [****..]
Gold: 1004          SH: 10    Dex: 10    Spells: 10/10 levels left

rFire   + . .      SeeInvis +   a - +0 hand axe (spect)
rCold   + . .      Faith    .   s - +0 kite shield
rNeg    + . .      Spirit   .   e - +4 plate armour "Iciuffor" {rN+ Int+3}
rPois   .          Reflect  .   (helmet unavailable)
rElec   .          Harm     .   d - scarf {rC+ rF+}
rCorr   .          Rampage  .   (no gloves)
Will    +++..      Clarity  +   (no boots)
Stlth   ..........              g - amulet of regeneration
HPRegen 2.04/turn               B - +6 ring of strength
MPRegen 0.12/turn               (no ring)

@: strong-willed, regenerating, lightly drained
A: permanent stasis, dig shafts and tunnels, antennae 3, four strong arms,
clarity
a: Dig, Shaft Self, Renounce Religion, Trog's Hand, Brothers in Arms


You were on level 1 of the Orcish Mines.
You worshipped Trog.
Trog was greatly pleased with you.
You visited 2 branches of the dungeon, and saw 10 of its levels.
You also visited: Sewer and Ossuary.

You collected 1004 gold pieces.

Inventory:

Hand Weapons
 a - a +0 spectral hand axe (weapon)
 M - a +5 vorpal war axe
 N - a +0 flail
 R - a +0 dire flail
 S - a +0 hand axe of venom
Missiles
 h - 33 poisoned darts
 q - 184 arrows
 r - 77 bolts
 F - 234 stones
 H - 6 javelins
 K - a curare-tipped dart
 L - 7 atropa-tipped darts
 O - a throwing net
 P - 3 boomerangs of dispersal
 Q - 2 boomerangs
Armour
 c - a +2 cloak
 d - a scarf of resistance (worn)
 e - the +4 plate armour "Iciuffor" (worn) {rN+ Int+3}
   (You acquired it on level 4 of the Dungeon)

   Int:       It affects your intelligence (+3).
   rN:        It protects you from negative energy.
 s - a +0 kite shield (worn)
 T - +0 acid dragon scales
Jewellery
 b - an amulet of reflection
 g - an amulet of regeneration (around neck)
 B - a +6 ring of strength (left hand)
Wands
 j - a wand of digging (4)
 k - a wand of iceblast (1)
 I - a wand of flame (22)
Scrolls
 i - 2 scrolls of holy word
 l - 3 scrolls of vulnerability
 n - 8 scrolls of noise
 t - a scroll of magic mapping
 u - 3 scrolls of immolation
 x - 2 scrolls of fear
 y - 2 scrolls of fog {unknown}
 D - 2 scrolls of enchant weapon {unknown}
 E - a scroll of identify
 G - a scroll of enchant armour {unknown}
Potions
 f - 3 potions of curing
 m - a potion of magic
 o - 2 potions of invisibility
 p - a potion of attraction
 v - a potion of heal wounds {unknown}
 w - a potion of cancellation {unknown}
 z - 2 potions of mutation
 A - a potion of resistance {unknown}
 C - 2 potions of lignification
 J - a potion of brilliance {unknown}


   Skills:
 + Level 9.1 Fighting
 + Level 8.4(8.7) Axes
 + Level 3.1(6.2) Maces & Flails
 + Level 8.6 Armour
 - Level 1.7 Dodging
 + Level 9.1 Shields
 + Level 8.3 Evocations


You had 10 spell levels left.
You didn't know any spells.
Your spell library was empty.

Dungeon Overview and Level Annotations

Branches:
Dungeon (9/15)             Temple (0/1) D:4            Lair (0/6) D:9
    Orc (1/2) D:9           Sewer (visited)         Ossuary (visited)

Altars:
Dithmenos
Nemelex Xobeh
Qazlal
Zin

Shops:
D:4 :   D:8 [

Annotations:
Orc:1 7 transporters


Innate Abilities, Weirdness & Mutations

You cannot be hasted, slowed, berserked, paralysed or teleported.
You can dig through walls and to a lower floor.
You have a pair of large antennae on your head. (SInv)
Your four strong arms can wield two-handed weapons with a shield.
You possess an exceptional clarity of mind.


Message History

Unknown command.
You hit the orc sorcerer but do no damage.
The orc sorcerer is moderately wounded.
You hit the orc.
You kill the orc!
Trog accepts your kill.
You closely miss the orc warrior. You hit the orc but do no damage.
Your +0 spectral hand axe hits the orc warrior.
The smoke demon gestures at you. Something smites you!
* * * LOW HITPOINT WARNING * * *
The orc warrior hits you with a +0 dire flail.
* * * LOW HITPOINT WARNING * * *
The orc sorcerer hits you but does no damage.
You block the orc's attack. The orc hits you but does no damage.
You closely miss the orc sorcerer.
The orc sorcerer is moderately wounded.
You hit the orc.
You hit the orc warrior but do no damage.
You closely miss the orc.
Your +0 spectral hand axe hits the orc!
You kill the orc!
Trog accepts your kill.
Your +0 spectral hand axe hits the orc warrior but does no damage.
The smoke demon disappears in a puff of smoke!
The orc warrior hits you with a +0 dire flail!
* * * LOW HITPOINT WARNING * * *
You block the orc sorcerer's attack. The orc hits you but does no damage.
The orc closely misses you.
Okay, then.
Your ogre goes berserk!
The orc warrior hits you with a +0 dire flail.
* * * LOW HITPOINT WARNING * * *
The orc sorcerer hits you but does no damage.
The orc hits you but does no damage. x2
You swap places.
Found a long sword, a +0 club, an embroidered hat, a mace and 36 gold pieces.
Found a stone staircase leading down.
Your ogre misses the orc. The orc hits your ogre with a +0 club.
The ogre hits you with a +0 giant spiked club!!
You die...

......> .......
........ ......#
........ .....##
........ .....#.
........ .....#.
........ .....#.
.....ooO#.....#)
#..))#@....©#)
#..oOo.....#[
##.#).....©#$
##.§......#.
##.##....#.
##........#.
#......#..#.
##..#.##..##
##...## ##


You could see an orc sorcerer, an orc warrior, an ogre, 2 orcs and a friendly
ogre (summoned, berserk).

Vanquished Creatures
  The ghost of Descartes the Shield-Bearer, a novice FoFi (D:4)
  Psyche (D:9)
  A troll (Orc:1)
  8 yaks
  Duvessa (D:5)
  4 water moccasins
  A black bear (D:8)
  An ice beast (D:5)
  5 orc warriors
  2 sky beasts
  5 ogres
  2 centaurs
  2 phantoms
  4 kobold brigands
  An elf zombie (D:4)
  2 gnoll sergeants
  2 bullfrogs
  A wyvern zombie (D:5)
  A scorpion (D:3)
  2 elf skeletons (D:4)
  Dowan (D:5)
  3 water moccasin skeletons
  6 killer bees (D:7)
  4 wights (D:6)
  5 howler monkeys (D:9)
  3 bullfrog zombies
  2 centaur zombies
  6 hounds
  A human zombie (Ossuary)
  7 orc priests
  A gnoll shaman (D:7)
  A jelly (D:5)
  2 bullfrog skeletons
  3 human skeletons (D:4)
  Natasha (thrice) (D:2)
  3 iguanas
  10 orc wizards
  2 killer bee zombies (D:8)
  3 mummies (Ossuary)
  2 hound skeletons
  A howler monkey zombie (D:8)
  9 adders
  12 gnolls
  A river rat (D:4)
  A shadow imp (D:6)
  3 white imps
  An ufetubus (D:7)
  2 worms
  A dart slug (D:4)
  34 orcs
  6 endoplasms
  5 giant cockroaches
  A gnoll zombie (Ossuary)
  5 goblins
  4 hobgoblins
  4 jackals (D:3)
  5 quokkas
  9 ball pythons
  6 bats
  2 frilled lizards (D:3)
  4 goblin zombies (Ossuary)
  A hobgoblin zombie (Ossuary)
  15 kobolds
  A kobold zombie (Ossuary)
  14 rats
  A spectral goblin (D:1)
263 creatures vanquished.

Vanquished Creatures (collateral kills)
  3 death yaks (D:9)
  A hell rat (D:9)
  2 river rats (D:9)
  A quokka (D:9)
  3 rats (D:9)
10 creatures vanquished.

Grand Total: 273 creatures vanquished

Notes
Turn   | Place    | Note
-------+----------+-------------------------------------------
     0 | D:1      | Descartes the Formicid Berserker began the quest for the
                  | Orb.
     0 | D:1      | Reached XP level 1. HP: 18/18 MP: 1/1
   171 | D:1      | Found a faded altar of an unknown god.
   268 | D:1      | Reached XP level 2. HP: 24/24 MP: 2/2
   955 | D:2      | Reached skill level 1 in Shields
  1109 | D:2      | Reached skill level 1 in Evocations
  1109 | D:2      | Reached XP level 3. HP: 18/29 MP: 3/3
  1264 | D:2      | Noticed Natasha
  1273 | D:2      | Killed Natasha
  1274 | D:2      | Reached XP level 4. HP: 33/37 MP: 4/4
  1358 | D:2      | Reached ** piety under Trog
  1581 | D:2      | Noticed Natasha
  1589 | D:2      | Killed Natasha
  1590 | D:2      | Reached XP level 5. HP: 34/42 MP: 5/5
  1590 | D:2      | Noticed Natasha
  1602 | D:2      | Killed Natasha
  2377 | D:3      | Found a stormy altar of Qazlal.
  2581 | D:3      | Reached XP level 6. HP: 48/48 MP: 6/6
  2929 | D:3      | Reached *** piety under Trog
  2963 | D:3      | Found a shadowy altar of Dithmenos.
  3183 | D:4      | Noticed an ogre
  3193 | D:4      | Killed an ogre
  3194 | D:4      | Reached XP level 7. HP: 9/55 MP: 7/7
  3197 | D:4      | Found a runed translucent door.
  3209 | D:4      | Identified a scroll of acquirement
  3209 | D:4      | Acquired the +4 plate armour "Iciuffor" {rN+ Int+3}
  3235 | D:4      | Found a staircase to the Ecumenical Temple.
  3356 | D:4      | Found Xyem Ano's Book Boutique.
  3384 | D:4      | Found a runed translucent door.
  3641 | D:4      | Reached skill level 5 in Fighting
  3671 | D:4      | Reached XP level 8. HP: 51/61 MP: 8/8
  3688 | D:4      | Found a sand-covered staircase.
  3697 | Ossuary  | Entered an ossuary
  3900 | Ossuary  | Reached skill level 5 in Axes
  4178 | D:4      | Noticed Descartes's ghost (novice FoFi)
  4227 | D:4      | Killed Descartes's ghost
  4228 | D:4      | Reached skill level 5 in Armour
  4228 | D:4      | Reached skill level 5 in Shields
  4234 | D:4      | Reached **** piety under Trog
  4337 | D:5      | Entered Level 5 of the Dungeon
  4377 | D:5      | Noticed Duvessa
  4378 | D:5      | Noticed Dowan
  4405 | D:5      | Reached XP level 9. HP: 41/69 MP: 9/9
  4411 | D:5      | Killed Dowan
  4420 | D:5      | Killed Duvessa
  4421 | D:5      | Reached skill level 5 in Evocations
  4469 | D:5      | Found a glowing drain.
  4484 | Sewer    | Entered a sewer
  6413 | D:6      | Reached XP level 10. HP: 79/79 MP: 10/10
  6863 | D:6      | Gained mutation: Armour fits poorly on your strangely
                  | shaped body. [potion of mutation]
  6863 | D:6      | Gained mutation: Your magical capacity is low. (-10% MP)
                  | [potion of mutation]
  6863 | D:6      | Gained mutation: You are covered in fur. (AC +1) [potion of
                  | mutation]
  6864 | D:6      | Lost mutation: You are covered in fur. (AC +1) [potion of
                  | mutation]
  6864 | D:6      | Lost mutation: Your magical capacity is low. (-10% MP)
                  | [potion of mutation]
  6865 | D:6      | Lost mutation: Armour fits poorly on your strangely shaped
                  | body. [potion of mutation]
  6865 | D:6      | Gained mutation: You are robust. (+10% HP) [potion of
                  | mutation]
  6865 | D:6      | Gained mutation: Armour fits poorly on your strangely
                  | shaped body. [potion of mutation]
  6865 | D:6      | Gained mutation: You have very sharp teeth. [potion of
                  | mutation]
  6866 | D:6      | Lost mutation: You are robust. (+10% HP) [potion of
                  | mutation]
  6866 | D:6      | Lost mutation: Armour fits poorly on your strangely shaped
                  | body. [potion of mutation]
  6866 | D:6      | Lost mutation: You have very sharp teeth. [potion of
                  | mutation]
  6866 | D:6      | Gained mutation: Your body sometimes deteriorates upon
                  | taking damage. [potion of mutation]
  6866 | D:6      | Lost mutation: Your body sometimes deteriorates upon taking
                  | damage. [potion of mutation]
  6866 | D:6      | Gained mutation: You possess an exceptional clarity of
                  | mind. [potion of mutation]
  7037 | D:7      | Reached ***** piety under Trog
  7844 | D:8      | Found a glowing silver altar of Zin.
  7955 | D:8      | Received a gift from Trog
  8107 | D:8      | Found Qoegej's Armour Shop.
  8728 | D:9      | Reached XP level 11. HP: 74/87 MP: 11/11
  8957 | D:9      | Noticed a death yak
  8958 | D:9      | Found a staircase to the Lair.
  8958 | D:9      | Noticed a death yak
  8958 | D:9      | Noticed a death yak
  8966 | D:9      | Killed a death yak
  8967 | D:9      | Reached skill level 1 in Maces & Flails
  8967 | D:9      | Killed a death yak
  8970 | D:9      | Killed a death yak
  9048 | D:9      | Found a staircase to the Orcish Mines.
  9326 | D:9      | Noticed Psyche
  9330 | D:9      | Killed Psyche
  9495 | Orc:1    | Entered Level 1 of the Orcish Mines
  9697 | Orc:1    | Found a transporter.
  9697 | Orc:1    | Found a transporter.
  9698 | Orc:1    | Found a transporter.
  9698 | Orc:1    | Noticed a juggernaut
  9699 | Orc:1    | Found a sparkling altar of Nemelex Xobeh.
  9699 | Orc:1    | Found a transporter.
  9699 | Orc:1    | Found a transporter.
  9807 | Orc:1    | Found a transporter.
  9835 | Orc:1    | Found a transporter.
  9853 | Orc:1    | Noticed an orc sorcerer
  9872 | Orc:1    | Mangled by an ogre

Illustrated notes

Levels and vault maps discovered:
D:1:      saegor_arrival_simple_e, layout_loops_ring,
          dreamdust_ecumenical_altar_drowned_temple
D:2:      layout_loops_ring, kennysheep_generic_room_15, uniq_natasha
D:3:      layout_basic, grunt_dithmenos_smoke, mainiacjoe_overflow_chevrons
D:4:      layout_loops_cross, minmay_temple_entry_from_below_a,
          ebering_ghost_sewer_f, nicolae_ossuary_entry_catacombs, serial_shops,
          nicolae_shop_waterfront
D:5:      layout_gridville, portal_sewer_entry_f, serial_rivers,
          chequers_serial_rivers_room_a, chequers_serial_rivers_small_b,
          chequers_serial_rivers_small_b, chequers_serial_rivers_micro_e,
          chequers_serial_rivers_small_a, chequers_serial_rivers_large_a,
          st_stairs_10, nrook_loot_triangle, hangedman_abyss_or_decor_passed,
          cheibrodos_gnoll_hut, uniq_duvessa
D:6:      layout_basic
D:7:      layout_basic
D:8:      layout_gridville, mainiacjoe_overflow_concentric_impassable,
          serial_shops, nicolae_inconvenience_store
D:9:      layout_roguey, dpeg_lair_monsters, hiddenorc1_lemuel, uniq_psyche
Orc:1:    layout_caves, gammafunk_ghost_smash, hellmonk_jugg_or_not

Skill      XL: |  1  2  3  4  5  6  7  8  9 10 11 |
---------------+----------------------------------+-----
Shields        | 1 2 3 4 5 6 8 9 |  9.1
Evocations     | 1 2 3 4 6 7 8 |  8.3
Armour         | 3 4 5 6 7 8 |  8.6
Fighting       | 4 5 6 7 8 9 |  9.1
Axes           | 4 5 6 7 8 |  8.4
Maces & Flails | 3 |  3.1
Dodging        | |  1.7

Action                   |  1- 3 |  4- 6 |  7- 9 | 10-12 || total
-------------------------+-------+-------+-------+-------++-------
Melee: Hand axe          |    96 |   133 |   374 |   330 ||   933
       Punch             |       |     1 |       |       ||     1
Invok: Trog's Hand       |       |       |     1 |     1 ||     2
       Brothers in Arms  |       |       |       |     4 ||     4
 Abil: Dig               |       |       |     8 |       ||     8
  Use: Scroll            |       |       |    12 |     3 ||    15
       Potion            |       |       |     2 |     4 ||     6
 Stab: Distracted        |       |       |     3 |     2 ||     5
Armor: Animal skin       |    23 |       |       |       ||    23
       Chain mail        |    26 |    86 |       |       ||   112
       Plate armour      |       |       |   111 |   150 ||   261
Dodge: Dodged            |    48 |    54 |    54 |    79 ||   235
Block: Kite shield       |       |    14 |   188 |   161 ||   363
       Reflection        |       |       |     4 |       ||     4
